 Dungeon Crawl Stone Soup version 0.19.3-4-gbf9329e (console) character file.

57 Grinner the Cudgeler (level 4, 0/73 HPs)
             Began as an Ogre Monk on Jan 30, 2017.
             Slain by Terence
             ... wielding a +0 morningstar of crushing
              (1 damage)
             ... on level 2 of the Dungeon.
             The game lasted 00:02:17 (1182 turns).

Grinner the Cudgeler (Ogre Monk)                    Turns: 1182, Time: 00:02:18

Health: 0/73       AC: 22    Str: 22    XL:     4   Next: 0%
Magic:  4/4        EV:  1    Int:  9    God:
Gold:   65         SH:  0    Dex: 16    Spells: 0 memorised, 3 levels left

rFire  + . .     SeeInvis .     a - +0 mace
rCold  + . .     Gourm    .     (armour currently unavailable)
rNeg   + + +     Faith    .     (no shield)
rPois  +         Spirit   .     (helmet currently unavailable)
rElec  +         Reflect  .     (cloak currently unavailable)
rCorr  +         Harm     .     (gloves unavailable)
MR     .....     NoTele   +     (boots unavailable)
Stlth  ++........               (no amulet)
                                (no ring)
                                h - +4 ring of dexterity

@: mighty, tree-form, resistant
A: unfitting armour, regeneration 1, (tough skin 0)
a: no special abilities


You were on level 2 of the Dungeon.
You were not hungry.
You were a tree.
You visited 1 branch of the dungeon, and saw 2 of its levels.

You collected 65 gold pieces.

Inventory:

Hand Weapons
 a - a +0 mace (weapon)
Armour
 b - a +0 robe (melded)
 k - a +0 cloak (melded)
Jewellery
 h - a +4 ring of dexterity (left branch)
Scrolls
 f - a scroll of recharging {unknown}
 g - a scroll of enchant armour {unknown}
 j - a scroll of noise {unknown}
 l - a scroll of identify {unknown}
Potions
 d - a potion of might
Comestibles
 c - a bread ration
 n - 2 chunks of flesh


   Skills:
 + Level 4.5 Fighting
 * Level 4.9 Maces & Flails
 + Level 1.6 Throwing
 + Level 3.0 Dodging
 - Level 1.4 Stealth


You had 3 spell levels left.
You didn't know any spells.

Dungeon Overview and Level Annotations

Branches:
Dungeon (2/15)

Altars:

Annotations:
D:2 Terence


Innate Abilities, Weirdness & Mutations

You are too large for most types of armour.
((You have tough skin. (AC +1)))
Your natural rate of healing is unusually fast.


Message History

It was a potion of beneficial mutation.
You begin to heal more quickly.
You feel fantastic! Something barely misses you.
It was a potion of lignification.
You turn into a tree.
Your +0 cloak melds into your body.
Your +0 robe melds into your body.
Your roots penetrate the ground.
Something hits you but does no damage.
You closely miss something. Something hits you but does no damage.
You sock something! Something hits you.
* * * LOW HITPOINT WARNING * * *
x2 You barely miss something.
Terence appears from thin air!
Reactivating autopickup.
Terence hits you but does no damage.
You barely miss Terence.
Terence is moderately wounded.
Terence hits you but does no damage.
You thump Terence!
Terence is almost dead.
Terence hits you with a morningstar of crushing!
* * * LOW HITPOINT WARNING * * *
You die...

###### #....#
####.##.#
#....†..#
#.##.#########
#........@♣..#
#'##########.#
#..........#
#.#
#........#.#
#.# #........#
#.# #........#
#.#
....###+#..
#.# .... ###
#.# ... #.#


You could see Terence.

Vanquished Creatures
  Ijyb (D:2)
  An adder (D:2)
  2 bats (D:2)
  4 goblins (D:1)
  2 hobgoblins
  6 jackals
  A quokka (D:2)
  2 kobolds
  2 rats (D:1)
21 creatures vanquished.

Notes
Turn   | Place    | Note
-------+----------+-------------------------------------------
     0 | D:1      | Grinner the Ogre Monk began the quest for the Orb.
     0 | D:1      | Reached XP level 1. HP: 24/24 MP: 1/1
    74 | D:1      | Reached XP level 2. HP: 13/32 MP: 2/2
   953 | D:2      | Reached skill level 1 in Throwing
   953 | D:2      | Reached XP level 3. HP: 34/40 MP: 3/3
  1078 | D:2      | Noticed Ijyb
  1086 | D:2      | Killed Ijyb
  1146 | D:2      | Reached XP level 4. HP: 49/49 MP: 4/4
  1154 | D:2      | Noticed Terence
  1176 | D:2      | Gained mutation: Your natural rate of healing is unusually fast. [potion of beneficial mutation]
  1182 | D:2      | HP: 1/73 [Terence/morningstar of crushing (7)]
  1182 | D:2      | Slain by Terence

Skill      XL: |  1  2  3 |
---------------+----------+-----
Throwing       | 1 |  1.6
Dodging        | 3 |  3.0
Fighting       | |  4.5
Maces & Flails | |  4.9
Stealth        | |  1.4

Action                   |  1- 3 |  4- 6 || total
-------------------------+-------+-------++-------
Melee: Mace              |    64 |    13 ||    77
  Use: Potion            |       |     4 ||     4
 Stab: Sleeping          |     3 |       ||     3
  Eat: Chunk             |     1 |       ||     1
Armor: Robe              |    26 |       ||    26
       Skin              |       |     3 ||     3
Dodge: Dodged            |    52 |     3 ||    55
